 Dungeon Crawl Stone Soup version 0.26-a0-663-g36e8fdb655 (webtiles) character file.

Game seed: 17280548583485797622

278350 demenzo the Severer (level 19, -14/181 HPs)
             Began as a Minotaur Abyssal Knight on Oct 11, 2020.
             Was the Champion of Lugonu.
             Demolished by an Ice Fiend (22 damage)
             ... summoned by a deep elf demonologist
             ... led by an ironheart preserver
             ... on level 2 of the Vaults on Oct 12, 2020.
             The game lasted 01:23:12 (53695 turns).

demenzo the Severer (Minotaur Abyssal Knight)      Turns: 53695, Time: 01:23:12

Health: -14/181    AC: 25    Str: 19    XL:     19   Next: 63%
Magic:  0/29       EV: 16    Int:  9    God:    Lugonu [******]
Gold:   1583       SH:  0    Dex: 22    Spells: 18/18 levels left

rFire    + . .     SeeInvis .   a - +9 battleaxe (flame)
rCold    + . .     Faith    +   (shield currently unavailable)
rNeg     + . .     Spirit   .   P - +2 plate armour {MR+}
rPois    +         Reflect  .   A - -2 hat of the Alchemist {rElec rPois rF+ rC+ rN+ MR+ rMut rCorr}
rElec    +         Harm     .   J - scarf {repulsion}
rCorr    +         Rampage  .   R - +2 pair of gloves {archery}
rMut     +                      D - +2 pair of boots
MR       ++++.                  n - amulet of faith
Stlth    ..........             Z - ring of protection from magic
HPRegen  0.40/turn              d - +6 ring of dexterity
MPRegen  0.21/turn

@: lightly drained, repel missiles
A: retaliatory headbutt, horns 2
}: 2/15 runes: decaying, serpentine
a: Depart the Abyss, Bend Space, Banish, Corrupt, Enter the Abyss, Renounce
Religion


You were on level 2 of the Vaults.
You worshipped Lugonu.
Lugonu was exalted by your worship.
You visited 7 branches of the dungeon, and saw 34 of its levels.
You visited the Abyss 1 time.
You also visited: Ice Cave, Volcano and Desolation.

You collected 4427 gold pieces.
You spent 2844 gold pieces at shops.

Inventory:

Hand Weapons
 a - a +9 battleaxe of flaming (weapon)
 b - a +4 longbow of flaming
Missiles
 m - 1181 arrows
 F - 4 throwing nets (quivered)
Armour
 t - a +2 plate armour of cold resistance
 A - the -2 hat of the Alchemist (worn) {rElec rPois rF+ rC+ rN+ MR+ rMut rCorr}
   (You bought it in a shop on level 2 of the Orcish Mines)

   It protects you from fire.
   It protects you from cold.
   It insulates you from electricity.
   It protects you from poison.
   It protects you from negative energy.
   It affects your resistance to hostile enchantments.
   It provides partial protection from all sources of acid and corrosion.
   It protects you from mutation.
 D - a +2 pair of boots (worn)
 J - a scarf of repulsion (worn)
 P - a +2 plate armour of magic resistance (worn)
 R - a +2 pair of gloves of archery (worn)
Jewellery
 d - a +6 ring of dexterity (right hand)
 h - an uncursed ring of fire
 i - an uncursed ring of ice
 j - an uncursed ring of see invisible
 n - an amulet of faith (around neck)
 E - an uncursed ring of flight
 G - the ring of the Evening {Fire rElec Str+5 Dex+5, unknown}
   (You found it in the Desolation of Salt)

   [ring of fire]

   It enhances your fire magic.
   It affects your strength (+5).
   It affects your dexterity (+5).
   It protects you from fire.
   It makes you vulnerable to cold.
   It insulates you from electricity.
 Z - a ring of protection from magic (left hand)
Wands
 l - a wand of digging (18)
 o - a wand of polymorph (11)
 p - a wand of flame (41)
 B - a wand of disintegration (11)
 I - a wand of acid (4)
 M - a wand of enslavement (9)
 N - a wand of paralysis (24)
Scrolls
 f - 16 scrolls of remove curse
 q - 3 scrolls of fear
 r - 9 scrolls of magic mapping
 s - 5 scrolls of blinking
 u - a scroll of summoning
 y - 16 scrolls of identify
 C - 12 scrolls of teleportation
 K - 5 scrolls of fog
Potions
 c - 2 potions of invisibility
 g - a potion of cancellation
 k - 4 potions of haste
 v - 4 potions of magic
 w - 5 potions of berserk rage
 x - 5 potions of heal wounds
 z - 4 potions of resistance
 H - 17 potions of curing
 O - a potion of ambrosia
 X - 6 potions of flight
Miscellaneous
 e - a box of beasts (3/3)
 Q - a condenser vane (2/2)
 U - a lightning rod (4/4)


   Skills:
 + Level 18.6(17.8) Fighting
 - Level 20.0(19.2) Axes
 - Level 9.0(8.3) Bows
 - Level 0.1(0.0) Throwing
 + Level 18.4(17.6) Armour
 + Level 14.2(13.5) Dodging
 - Level 15.0(14.2) Invocations
 + Level 5.6(5.0) Evocations


You had 18 spell levels left.
You didn't know any spells.
Your spell library contained the following spells:

 Spells                   Type           Power        Failure   Level
 Animate Skeleton         Necr           #.....       99%         1
 Apportation              Tloc           #.....       99%         1
 Beastly Appendage        Tmut           #.....       99%         1
 Corona                   Hex            #......      99%         1
 Foxfire                  Conj/Fire      #...         99%         1
 Magic Dart               Conj           #...         99%         1
 Sandblast                Erth           #.....       99%         1
 Sting                    Tmut/Pois      #...         99%         1
 Summon Small Mammal      Summ           #...         99%         1
 Blink                    Tloc           N/A          99%         2
 Call Imp                 Summ           #.......     99%         2
 Corpse Rot               Necr/Air       N/A          99%         2
 Passwall                 Tmut/Erth      #.......     99%         2
 Poisonous Vapours        Pois/Air       #.....       99%         2
 Searing Ray              Conj           #.....       99%         2
 Slow                     Hex            #.......     99%         2
 Sublimation of Blood     Necr           #.........   99%         2
 Swiftness                Air            #.......     99%         2
 Wereblood                Tmut           #.......     99%         2
 Call Canine Familiar     Summ           #.......     100%        3
 Conjure Flame            Conj/Fire      #.......     100%        3
 Dazzling Flash           Conj/Hex       #.....       100%        3
 Gell's Gravitas          Tloc           #.........   100%        3
 Ignite Poison            Fire/Tmut/Pois #.......     100%        3
 Inner Flame              Hex/Fire       #.......     100%        3
 Lesser Beckoning         Tloc           #.........   100%        3
 Mephitic Cloud           Conj/Pois/Air  #.......     100%        3
 Spider Form              Tmut/Pois      #.........   100%        3
 Stone Arrow              Conj/Erth      #.....       100%        3
 Summon Guardian Golem    Hex/Summ       #.......     100%        3
 Teleport Other           Tloc           #.......     100%        3
 Airstrike                Air            #.........   100%        4
 Dispel Undead            Necr           #.......     100%        4
 Fulminant Prism          Conj/Hex       #.........   100%        4
 Ice Form                 Ice/Tmut       #.......     100%        4
 Iskenderun's Mystic Bla  Conj/Tloc      #.......     100%        4
 Leda's Liquefaction      Hex/Erth       #.........   100%        4
 Olgreb's Toxic Radiance  Pois           #.......     100%        4
 Passage of Golubria      Tloc           N/A          100%        4
 Petrify                  Tmut/Erth      #.......     100%        4
 Sticky Flame             Conj/Fire      #.......     100%        4
 Summon Ice Beast         Ice/Summ       #.......     100%        4
 Summon Lightning Spire   Summ/Air       #.......     100%        4
 Agony                    Necr           #.......     100%        5
 Blade Hands              Tmut           #.........   100%        5
 Excruciating Wounds      Necr           #.........   100%        5
 Fireball                 Conj/Fire      #.........   100%        5
 Iskenderun's Battlesphe  Conj           #.......     100%        5
 Lee's Rapid Deconstruct  Erth           #.........   100%        5
 Lightning Bolt           Conj/Air       #.........   100%        5
 Conjure Ball Lightning   Conj/Air       #.........   100%        6
 Dispersal                Tloc           #.........   100%        6
 Starburst                Conj/Fire      #.........   100%        6
 Statue Form              Tmut/Erth      #........    100%        6
 Spellforged Servitor     Conj/Summ      #.........   100%        7


Dungeon Overview and Level Annotations

Branches:
Dungeon (15/15)            Temple (1/1) D:6            Lair (6/6) D:10
  Swamp (4/4) Lair:4        Snake (4/4) Lair:3        Slime (0/5) Lair:5
    Orc (2/2) D:9             Elf (0/3) Orc:2        Vaults (2/5) D:14
 Depths (0/5) D:15          IceCv (visited)         Volcano (visited)
Desolation (visited)
  Crypt: Vaults:2-3

Altars:
Dithmenos
Elyvilon
Fedhas
Kikubaaqudgha
Makhleb
Qazlal
Sif Muna
Xom
Beogh

Shops:
D:8 }   D:10 !   Orc:2 :(*[   Snake:4 ?

Annotations:
D:6 2 runed translucent doors, flotson's ghost, weakling DsDe
D:8 exclusion: ice statue
Lair:1 exclusion: 2 oklob plants
Snake:3 1 transporter
Snake:4 corrupted
Abyss:1 Louise


Innate Abilities, Weirdness & Mutations

You reflexively headbutt those who attack you in melee.
You have a pair of horns on your head.


Message History

Unknown command.
Unknown command.
Unknown command.
Unknown command.
Unknown command.
Unknown command.
Unknown command.
You feel much better.
The sixfirhy disappears in a puff of smoke!
Something barely misses you.
The deep elf death mage hits you but does no damage.
The ghostly deep elf demonologist mumbles some strange words.
The Ice Fiend claws you.
* * * LOW HITPOINT WARNING * * *
The Ice Fiend freezes you! You resist.
* * * LOW HITPOINT WARNING * * *
The Ice Fiend claws you.
* * * LOW HITPOINT WARNING * * *
The Ice Fiend freezes you!! You resist.
You die...

# #.....# #.# # #.....# ### #
#.....# #.....# #.....# #.....#
#.....#
###########+##+########.....#
...............e@e§.........#
.........(....†.e1..........#
................23).........#####
............................'†)..
...............e.§..........#....
######'''####################....
### #.......# #.... ..# #.#####.#
#############'### ..# #.#≈§§#.#
#...........#..#


You could see an Ice Fiend (summoned), 2 deep elf death magi, a blizzard demon
(summoned), a ghostly deep elf demonologist, a deep elf mage and a neqoxec
(summoned).

Vanquished Creatures
  Vashnia (Snake:2)
  Nikola (Vaults:1)
  Jorgrun (Snake:2)
  Rupert (D:13)
  2 thorn hunters (Swamp:4)
  4 nagarajas
  4 vault wardens
  3 imperial myrmidons (Desolation)
  3 ironheart preservers
  A very ugly thing (Swamp:3)
  2 stone giants
  A blizzard demon (IceCv)
  2 halazid warlocks (Desolation)
  A crystal guardian (Desolation)
  Josephine (D:15)
  4 yaktaur captains
  4 rakshasas
  A fire dragon (Vaults:1)
  4 ragged hierophants (Desolation)
  2 ice dragons
  4 great orbs of eyes
  7 servants of whispers (Desolation)
  5 peacekeepers (Desolation)
  Harold (D:9)
  4 vault guards
  3 shambling mangroves
  2 boulder beetles
  17 naga warriors
  26 hydras
  3 ghost crabs
  3 centaur warriors
  9 anacondas
  9 death yaks (Lair:6)
  10 alligators
  4 two-headed ogres
  An ogre mage (Vaults:2)
  A tengu warrior (D:14)
  An orc high priest (Orc:2)
  23 naga sharpshooters
  Urug (Lair:1)
  3 shock serpents
  A hell knight (Volcano)
  2 salamander mystics (Snake:4)
  3 sea snakes (Snake:4)
  2 unseen horrors
  A wizard (D:14)
  11 swamp dragons
  3 spriggan druids
  An unseen horror (shapeshifter) (D:15)
  A glowing orange brain (D:15)
  5 ironbrand convokers
  4 naga ritualists
  11 mana vipers
  A mana viper (shapeshifter) (D:14)
  7 orc knights
  Pikel (D:3)
  4 harpies (Vaults:1)
  A lindwurm (Lair:6)
  3 orc sorcerers (Orc:2)
  3 wolf spiders
  5 ugly things
  A deep elf mage (D:14)
  7 cyclopes
  10 salamanders
  38 black mambas
  5 vault sentinels
  2 ice statues (IceCv)
  5 elephants
  5 torpor snails (Lair:6)
  2 molten gargoyles (Desolation)
  11 guardian serpents
  11 naga magi
  A gargoyle (D:11)
  A rime drake (shapeshifter) (D:14)
  A smoke demon (Volcano)
  13 cane toads
  4 rime drakes
  10 yaktaurs (Vaults:1)
  2 kobold demonologists (D:12)
  An efreet (D:15)
  14 ice devils (IceCv)
  5 komodo dragons
  A tengu conjurer (D:13)
  5 meliai
  6 trolls
  47 saltlings (Desolation)
  A hornet (shapeshifter) (Vaults:1)
  Grinder (D:6)
  7 tyrant leeches
  17 hornets
  3 red devils (Volcano)
  A polar bear (Lair:6)
  13 slime creatures
  16 bog bodies
  Prince Ribbit (D:6)
  32 blink frogs
  4 dream sheep (Lair:6)
  A fire giant simulacrum (Vaults:2)
  Sigmund (D:6)
  3 shadows
  4 spriggans
  7 wyverns
  A redback (shapeshifter) (D:14)
  38 yaks
  A tarantella (shapeshifter) (D:14)
  5 wraiths
  A yak (shapeshifter) (D:15)
  A golden eye (shapeshifter) (D:15)
  26 vampire mosquitoes
  A basilisk (Lair:1)
  Grum (D:8)
  Menkaure (D:7)
  13 swamp worms
  4 acid dragons
  A soldier ant (D:15)
  5 wargs
  A hell hound (Volcano)
  5 insubstantial wisps
  57 nagas
  20 water moccasins
  13 swamp drakes
  A hornet zombie (D:15)
  A phantom (D:6)
  4 sky beasts
  2 ice beasts
  5 black bears
  26 orc warriors
  2 necrophages
  An eye of draining (shapeshifter) (D:15)
  An eye of draining (D:7)
  18 wolves
  17 ogres
  17 centaurs
  4 lemures
  4 big kobolds
  Blork the orc (D:4)
  16 bullfrogs
  3 wyvern zombies
  2 wyvern skeletons
  5 scorpions
  11 killer bees
  3 vampire bats (Orc:1)
  7 wights
  3 howler monkeys (D:12)
  5 jellies
  3 centaur zombies
  A quasit (D:13)
  2 bullfrog zombies
  6 hounds
  13 orc priests
  25 orc wizards
  Crazy Yiuf (D:4)
  4 bullfrog skeletons
  4 centaur skeletons
  6 iguanas
  12 worker ants
  3 hound zombies
  A hound skeleton (D:5)
  5 gnolls
  7 adders
  A howler monkey skeleton (D:4)
  2 shadow imps
  2 white imps
  15 ufetubi
  3 adder zombies
  2 adder skeletons (D:4)
  8 worms
  2 dart slugs
  5 leopard geckos
  100 orcs
  A ball python (D:4)
  15 bats
  7 giant cockroaches
  7 goblins
  6 hobgoblins
  11 jackals
  4 quokkas
  5 frilled lizards
  A jackal skeleton (D:4)
  21 kobolds
  A quokka zombie (D:5)
  10 rats
1246 creatures vanquished.

Vanquished Creatures (others)
  4 nagarajas (Snake:4)
  4 naga warriors (Snake:4)
  4 naga sharpshooters (Snake:4)
  4 sea snakes (Snake:4)
  A harpy (Vaults:1)
  A cyclops (D:12)
  3 guardian serpents (Snake:4)
  A naga mage (Snake:4)
  A centaur skeleton (D:12)
  A troll (D:12)
  17 nagas (Snake:4)
  An orc warrior (D:12)
  A scorpion (D:12)
  3 white imps (IceCv)
  2 ufetubi (IceCv)
  4 orcs
  A bush (D:5)
  49 fungi
  106 plants
  8 starspawn tentacles (Snake:4)
216 creatures vanquished.

Grand Total: 1462 creatures vanquished

Notes
Turn   | Place    | Note
-------+----------+-------------------------------------------
     0 | Abyss:1  | demenzo the Minotaur Abyssal Knight began the quest for the
                  | Orb.
     0 | Abyss:1  | Reached XP level 1. HP: 19/19 MP: 1/1
    35 | Abyss:1  | Noticed a tentacled starspawn
    36 | Abyss:1  | Noticed a thrashing horror
    37 | D:1      | Escaped the Abyss
   347 | D:1      | Reached XP level 2. HP: 27/27 MP: 2/2
   430 | D:1      | Reached * piety under Lugonu
   513 | D:1      | Reached skill level 3 in Axes
   539 | D:1      | Reached XP level 3. HP: 33/33 MP: 3/3
  1163 | D:2      | Found a stormy altar of Qazlal.
  1616 | D:2      | Reached XP level 4. HP: 39/41 MP: 4/4
  1782 | D:3      | Reached ** piety under Lugonu
  2230 | D:3      | Noticed a centaur
  2244 | D:3      | Killed a centaur
  2244 | D:3      | Reached skill level 5 in Fighting
  2244 | D:3      | Reached skill level 4 in Axes
  2244 | D:3      | Reached XP level 5. HP: 19/48 MP: 5/5
  2788 | D:4      | Noticed a lemure
  2788 | D:4      | Noticed a lemure
  2789 | D:4      | Noticed Pikel
  2791 | D:4      | Noticed a lemure
  2792 | D:4      | Noticed a lemure
  2809 | D:3      | Killed a lemure
  3168 | D:4      | Noticed Blork the orc
  3186 | D:4      | Killed Blork the orc
  3186 | D:4      | Reached skill level 5 in Axes
  3186 | D:4      | Reached XP level 6. HP: 48/56 MP: 7/7
  3476 | D:4      | Reached *** piety under Lugonu
  3990 | D:4      | Reached XP level 7. HP: 41/62 MP: 8/8
  4376 | D:4      | Reached skill level 6 in Axes
  4558 | D:4      | Found a runed translucent door.
  6492 | D:3      | Killed Pikel
  6492 | D:3      | Reached skill level 7 in Axes
  6492 | D:3      | Reached skill level 5 in Armour
  6492 | D:3      | Reached XP level 8. HP: 44/71 MP: 8/10
  6664 | D:4      | Found a runed translucent door.
  6665 | D:4      | Noticed Crazy Yiuf
  6670 | D:4      | Killed Crazy Yiuf
  6699 | D:5      | Entered Level 5 of the Dungeon
  6929 | D:5      | Found a burning altar of Makhleb.
  6929 | D:5      | Noticed a green death
  7724 | D:5      | Reached skill level 8 in Axes
  7829 | D:6      | Found a staircase to the Ecumenical Temple.
  7918 | D:6      | Found a large runed translucent door.
  7918 | D:6      | Found a large runed translucent door.
  7919 | D:6      | Noticed flotson's ghost (weakling DsDe)
  7928 | D:6      | Noticed Sigmund
  7934 | D:6      | Killed Sigmund
  7944 | D:6      | Reached **** piety under Lugonu
  7944 | D:6      | Reached skill level 5 in Invocations
  7953 | D:6      | Got a translucent mace
  8132 | Temple   | Entered the Ecumenical Temple
  8409 | D:6      | Identified the +6 mace of Annihilation {vorpal, +Fly rPois
                  | Str+7 Int-2} (You found it on level 6 of the Dungeon)
  8564 | D:6      | Reached skill level 9 in Axes
  8787 | D:6      | Noticed Grinder
  8798 | D:6      | Paralysed by Grinder for 3 turns
  8803 | D:6      | Killed Grinder
  8803 | D:6      | Reached XP level 9. HP: 38/79 MP: 11/11
  9055 | D:6      | Noticed Prince Ribbit
  9060 | D:6      | Killed Prince Ribbit
  9146 | D:6      | Found a shadowy altar of Dithmenos.
  9359 | D:7      | Noticed Menkaure
  9551 | D:7      | Killed Menkaure
  9559 | D:7      | Reached skill level 10 in Axes
 11231 | D:8      | Noticed Grum
 11245 | D:8      | Reached XP level 10. HP: 88/90 MP: 13/13
 11254 | D:8      | Killed Grum
 11254 | D:8      | Reached skill level 11 in Axes
 11332 | D:8      | Found Bysisede's Gadget Boutique.
 11939 | D:8      | Noticed an ice statue
 12109 | D:8      | Bought a condenser vane (2/2) for 280 gold pieces
 12316 | D:9      | Reached ***** piety under Lugonu
 12349 | D:9      | Found a blossoming altar of Fedhas.
 12432 | D:9      | Found a white marble altar of Elyvilon.
 12491 | D:9      | Noticed Harold
 12510 | D:9      | Killed Harold
 12778 | D:9      | Reached skill level 12 in Axes
 13270 | D:9      | Found a staircase to the Orcish Mines.
 13704 | D:10     | Entered Level 10 of the Dungeon
 13765 | D:10     | Got a shimmering flail
 13816 | D:10     | Reached skill level 10 in Fighting
 13883 | D:10     | Reached XP level 11. HP: 90/99 MP: 15/15
 13980 | D:10     | Got a bound bronze ring
 14002 | D:10     | Identified the ring of Tapt {*Drain rN+ Str+9 Dex-4 Stlth+}
                  | (You found it on level 10 of the Dungeon)
 14092 | D:10     | Reached skill level 13 in Axes
 14179 | D:10     | Found a staircase to the Lair.
 14260 | D:10     | Found Zeutumiz's Distillery.
 14263 | D:10     | Bought a potion of flight for 48 gold pieces
 14263 | D:10     | Bought a potion of lignification for 48 gold pieces
 14263 | D:10     | Identified the +9 flail "Gujoreop" {antimagic, Str+4} (You
                  | found it on level 10 of the Dungeon)
 14434 | D:10     | Bought a potion of magic for 128 gold pieces
 14504 | D:11     | Noticed a white ugly thing
 14514 | D:11     | Killed a white ugly thing
 14535 | D:11     | Reached skill level 10 in Armour
 14745 | Lair:1   | Entered Level 1 of the Lair of Beasts
 15002 | Lair:1   | Noticed Urug
 15035 | Lair:1   | Killed Urug
 15516 | Lair:1   | Noticed an eight-headed hydra
 15793 | Lair:1   | Killed an eight-headed hydra
 15793 | Lair:1   | Reached skill level 14 in Axes
 15989 | Lair:1   | Reached ****** piety under Lugonu
 16156 | Lair:1   | Identified a +2 battleaxe of distortion (a +0 battleaxe
                  | corrupted by Lugonu)
 16156 | Lair:1   | Received a gift from Lugonu
 16167 | Lair:1   | Reached XP level 12. HP: 97/110 MP: 17/17
 16753 | Lair:2   | Noticed a six-headed hydra
 16774 | Lair:1   | Killed a six-headed hydra
 16964 | Lair:2   | Noticed a five-headed hydra
 16973 | Lair:2   | Killed a nine-headed hydra
 17778 | Lair:3   | You fall into a shaft and drop 1 floor!
 17789 | Lair:4   | Reached skill level 15 in Axes
 17898 | Lair:4   | Noticed a seven-headed hydra
 17914 | Lair:4   | Found a dark tunnel.
 17920 | Volcano  | Entered a volcano
 18768 | Lair:3   | Found a staircase to the Snake Pit.
 18770 | Lair:3   | Noticed a boulder beetle
 18778 | Lair:3   | Banished a boulder beetle
 19214 | Lair:4   | Reached skill level 10 in Invocations
 19397 | Lair:4   | Noticed a six-headed hydra
 19405 | Lair:4   | Banished an 11-headed hydra
 19405 | Lair:4   | Reached XP level 13. HP: 69/119 MP: 19/19
 19622 | Lair:4   | Reached skill level 16 in Axes
 19713 | Lair:4   | Found a staircase to the Swamp.
 20565 | Lair:5   | Found a staircase to the Slime Pits.
 21264 | Lair:6   | Entered Level 6 of the Lair of Beasts
 21745 | Lair:6   | Reached skill level 17 in Axes
 21745 | Lair:6   | Reached skill level 5 in Dodging
 22095 | Lair:6   | Reached XP level 14. HP: 77/129 MP: 21/21
 22933 | Lair:6   | Found a runed translucent door.
 23273 | Lair:6   | Got a faintly humming chain mail
 23284 | Lair:6   | Identified the +6 chain mail of the Invisible Hand {*Contam
                  | rPois rC++ Str+3} (You found it on level 6 of the Lair of
                  | Beasts)
 24961 | D:12     | Reached skill level 18 in Axes
 25310 | D:12     | Found a shimmering altar of Xom.
 26450 | D:13     | Noticed Rupert
 26458 | D:13     | Killed Rupert
 26458 | D:13     | Reached XP level 15. HP: 138/138 MP: 22/22
 27102 | D:14     | Found a gate to the Vaults.
 27816 | D:15     | Entered Level 15 of the Dungeon
 28160 | D:15     | Noticed Josephine
 28169 | D:15     | Killed Josephine
 28892 | D:15     | Reached skill level 19 in Axes
 29271 | D:15     | Got an ichor-stained helmet
 29282 | D:15     | Identified the Collected Works on Earth
 29290 | D:15     | Got a flickering granite ring
 29292 | D:15     | Identified the ring of Summertime {*Tele Str+2} (You found
                  | it on level 15 of the Dungeon)
 29737 | D:15     | Found a staircase to the Depths.
 30254 | Orc:1    | Entered Level 1 of the Orcish Mines
 30387 | Orc:2    | Entered Level 2 of the Orcish Mines
 30441 | Orc:2    | Noticed an orc warlord
 30444 | Orc:2    | Found a roughly hewn altar of Beogh.
 30452 | Orc:2    | Banished an orc warlord
 31627 | Orc:2    | Found Plog's Antique Armour Shop.
 31631 | Orc:2    | Found Nesku's Antique Weapon Shop.
 31639 | Orc:2    | Found Fommyimaf's General Store.
 31662 | Orc:2    | Bought the -2 hat of the Alchemist {rElec rPois rF+ rC+ rN+
                  | MR+ rMut rCorr} for 1652 gold pieces
 31662 | Orc:2    | Found the -2 hat of the Alchemist {rElec rPois rF+ rC+ rN+
                  | MR+ rMut rCorr}
 31689 | Orc:2    | Bought a scroll of enchant weapon for 82 gold pieces
 31815 | Orc:2    | Found a staircase to the Elven Halls.
 32012 | Orc:2    | Found Juutwamu's Book Shop.
 32075 | Orc:2    | Found a roughly hewn altar of Beogh.
 32486 | Snake:1  | Entered Level 1 of the Snake Pit
 32738 | Snake:1  | Reached skill level 15 in Fighting
 32753 | Snake:1  | Reached XP level 16. HP: 135/149 MP: 18/24
 34012 | Snake:1  | Reached skill level 20 in Axes
 34158 | Snake:1  | Reached skill level 15 in Armour
 34438 | Snake:2  | Found a frozen archway.
 34448 | Snake:2  | Reached skill level 1 in Bows
 34449 | Snake:2  | Noticed Jorgrun
 34467 | Snake:2  | Killed Jorgrun
 34490 | IceCv    | Entered an ice cave
 34994 | IceCv    | Reached skill level 10 in Dodging
 35011 | IceCv    | Identified Zuos's Grimoire of Supportive Stones
 35022 | IceCv    | Got pitted ice dragon scales
 35117 | IceCv    | Identified the +1 ice dragon scales "Idyosk Xeca" {-Cast
                  | rF- rC++ rN+ Regen+} (You found it in an ice cave)
 35118 | IceCv    | Identified the cursed +0 pair of gloves of the Kettle-Drum
                  | {rC- Str+4 Stlth+} (You found it in an ice cave)
 35459 | Snake:2  | Noticed Vashnia
 35500 | Snake:2  | Killed Vashnia
 37441 | Snake:3  | Reached XP level 17. HP: 118/158 MP: 26/26
 37690 | Snake:3  | Reached skill level 5 in Bows
 37870 | Snake:3  | Found a transporter.
 37875 | Snake:3  | Found a shimmering blue altar of Sif Muna.
 38270 | Snake:4  | Entered Level 4 of the Snake Pit
 40071 | Snake:4  | Corrupted Snake:4
 40617 | Snake:4  | Found Ristits's Magic Scroll Boutique.
 41046 | Snake:4  | Got a serpentine rune of Zot
 41193 | Snake:4  | Found Ristits's Magic Scroll Boutique.
 41972 | Swamp:1  | Entered Level 1 of the Swamp
 42238 | Swamp:1  | Noticed Louise
 42251 | Swamp:1  | Banished Louise
 42252 | Swamp:1  | Found an ancient bone altar of Kikubaaqudgha.
 43877 | Orc:2    | Bought a pair of embroidered boots for 262 gold pieces
 44264 | Swamp:2  | Reached XP level 18. HP: 164/168 MP: 27/27
 46464 | Swamp:4  | Entered Level 4 of the Swamp
 47840 | Swamp:4  | Got a decaying rune of Zot
 48301 | Snake:4  | Bought a scroll of enchant weapon for 120 gold pieces
 48302 | Snake:4  | Bought a scroll of fear for 56 gold pieces
 48302 | Snake:4  | Bought a scroll of blinking for 120 gold pieces
 48302 | Snake:4  | Bought a scroll of teleportation for 48 gold pieces
 48577 | Vaults:1 | Entered Level 1 of the Vaults
 48694 | Vaults:1 | Found a ruined gateway.
 48741 | Desolati | Entered the Desolation of Salt
 48930 | Desolati | Reached skill level 1 in Evocations
 49126 | Desolati | Reached skill level 15 in Invocations
 49452 | Desolati | Identified the Incunabulum of the Floating Traveller
 49460 | Desolati | Identified the Disquisition on Confrontation
 49911 | Desolati | Reached XP level 19. HP: 156/179 MP: 29/29
 50324 | Desolati | Got a heavily runed copper ring
 51267 | Vaults:1 | Noticed Nikola
 51280 | Vaults:1 | Killed Nikola
 52430 | Vaults:1 | Reached skill level 5 in Evocations
 53695 | Vaults:2 | HP: 8/181 [Ice Fiend[an ironheart preserver] (6)]
 53695 | Vaults:2 | Demolished by an Ice Fiend

Illustrated notes

Levels and vault maps discovered:
D:1:      minmay_arrival_open_corners, layout_basic
D:2:      layout_basic, grunt_qazlal_clouds
D:3:      layout_loops_ring, minmay_misc_feat_pillars
D:4:      minmay_thinvault, layout_cave_pools, minmay_checkerbox, uniq_pikel,
          uniq_crazy_yiuf_cottage, uniq_blork_the_orc
D:5:      layout_loops_ring, makhleb_altar_promises_db, grunt_ministairs_4,
          fountainhead, lexackson_kobold_supper
D:6:      layout_basic, grunt_dithmenos_shadows, minmay_temple_entry_statues,
          ebering_ghost_disaster_area, uniq_prince_ribbit1, uniq_grinder,
          uniq_sigmund
D:7:      layout_basic, uniq_menkaure
D:8:      minmay_separated_statues, layout_basic, serial_shops, shop, uniq_grum
D:9:      layout_roguey, lemuel_round_altar, erik_orc_1, basic_altar,
          uniq_harold
D:10:     layout_roguey, minmay_lair_entry_grove, serial_undead,
          serial_undead_c, serial_undead_d, serial_undead_a, serial_undead_e,
          serial_shops, kennysheep_mini
D:11:     layout_basic, minmay_misc_feat_enclosed, abandoned_shop,
          glass_columns_b
D:12:     minmay_inside_and_out, layout_irregular_city, xom_confusion_cloud
D:13:     layout_loops_corners, uniq_rupert
D:14:     layout_loops_ring, david_vaults_2, hangedman_decor_diamond_cutter
D:15:     gammafunk_enter_depths_forms, layout_long_grid,
          minmay_the_grid_square_5x5_3x3_mashed
          [minmay_the_grid_square_5x5_one_wall,
          minmay_the_grid_square_5x5_inner_i, minmay_the_grid_square_5x5_eight,
          minmay_the_grid_square_5x5_c,
          minmay_the_grid_square_5x5_megaprize_crossed,
          minmay_the_grid_square_5x5_mess, minmay_the_grid_square_5x5_minivault,
          minmay_the_grid_square_5x5_two_small,
          minmay_the_grid_square_5x5_checkered_sparse], uniq_josephine
Temple:   dpeg_five_rooms_temple
Lair:1:   layout_chaotic_city, beast_lair_carwin_2, minmay_lair_oklob_chamber,
          uniq_urug
Lair:2:   layout_long_grid, chequers_serial_rivers_large_b
Lair:3:   layout_regular_city, guppyfry_snake_entry_island, grunt_megastairs_4,
          infiniplex_staircase_pool_2
Lair:4:   layout_cave_pods, palyth_hydra_swamp_entry, enter_volcano_2,
          minmay_lair_drake_nest, grunt_megastairs_2
Lair:5:   layout_gridlike, minmay_slime_entry_pillars, grunt_megastairs_5,
          lemuel_fruit_fields
Lair:6:   wormcave, layout_regular_city, lookout_lair_type
Swamp:1:  layout_falls_marsh, evilmike_swamp_ruin_house_4, grunt_ruined_hall,
          infiniplex_staircase_pool, uniq_louise
Swamp:2:  layout_falls_marsh, nicolae_swamp_trees_clearing
Swamp:3:  layout_basic_swamp, evilmike_swamp_ruin_house_2
Swamp:4:  swamp_basic_johnstein, layout_basic_swamp
Snake:1:  layout_misc_corridors
Snake:2:  layout_chambers, portal_ice_cave_entry_pillars_three, uniq_vashnia,
          uniq_jorgrun
Snake:3:  gammafunk_sealed_library, layout_layer_cave
Snake:4:  grunt_snake_rune_pools, layout_basic, st_stairs_3, minmay_shop_star
Orc:1:    layout_caves, nicolae_orc_lava_tube, roderic_batcave
Orc:2:    grunt_orc_cross, layout_caves, lemuel_statue_altar
Vaults:1: nicolae_vaults_ninety_degrees, nicolae_vaults_circle_grid_b,
          nicolae_vaults_diagonal_hallway_9, ontoclasm_vaults_ring_square,
          ontoclasm_vaults_misaligned, nicolae_vaults_network_square,
          ontoclasm_vaults_ligature, hangedman_vaults_pinch,
          ontoclasm_vaults_spin, nicolae_vaults_shelves_hall,
          layout_vaults_omnigrid, portal_desolation_entry_ruin, uniq_nikola
Vaults:2: grunt_vaults_hallway_short, v_rooms_6, nicolae_vaults_shelves_hall,
          vaults_dpeg_encased_lava, v_misc_9, nicolae_vaults_angled_halls,
          v_alt_pattern_2, vaults_room_grid, v_rooms_2, vaults_room_fancy_cross,
          vaults_room_pool, vaults_dpeg_ring, vaults_standard_mumra_x,
          ontoclasm_vaults_loading_screen, layout_vaults_ring

Skill      XL: |  1  2  3  4  5  6  7  8  9 10 11 12 13 14 15 16 17 18 19 |
---------------+----------------------------------------------------------+-----
Fighting       | 4 5 6 7 8 10 11 12 13 14 15 16 17 18 | 18.6
Axes           | 3 4 5 7 9 10 12 14 15 17 18 19 20 | 20.0
Armour         | 3 4 5 6 8 9 10 12 13 14 15 16 17 18 | 18.4
Invocations    | 2 3 4 5 6 7 8 10 11 12 13 14 15 | 15.0
Dodging        | 2 5 7 9 10 12 13 14 | 14.2
Bows           | 4 7 9 |  9.0
Evocations     | 3 5 |  5.6
Throwing       | |  0.1

Action                   |  1- 3 |  4- 6 |  7- 9 | 10-12 | 13-15 | 16-18 | 19-21 || total
-------------------------+-------+-------+-------+-------+-------+-------+-------++-------
Melee: Hand axe          |   106 |   213 |    28 |       |       |       |       ||   347
       Headbutt          |    14 |    32 |    49 |   117 |   171 |   274 |    75 ||   732
       Whip              |       |       |   114 |       |       |       |       ||   114
       Mace              |       |       |   126 |   333 |       |       |       ||   459
       Flail             |       |       |       |    91 |       |       |       ||    91
       Battleaxe         |       |       |       |   133 |   734 |  1065 |   228 ||  2160
 Fire: Longbow           |       |       |       |       |       |   106 |    27 ||   133
Throw: Boomerang         |     6 |    33 |       |       |       |       |       ||    39
Invok: Depart the Abyss  |     1 |       |       |       |       |       |       ||     1
       Brand Weapon With |       |       |       |     1 |       |       |       ||     1
       Banish            |       |       |       |       |       |     2 |       ||     2
       Corrupt           |       |       |       |       |       |     1 |       ||     1
Evoke: Wand              |       |       |     4 |       |       |     1 |       ||     5
  Use: Scroll            |       |     7 |     7 |    16 |     7 |    12 |       ||    49
       Potion            |       |       |       |       |     1 |     3 |     1 ||     5
 Stab: Confused          |       |       |       |       |       |     3 |       ||     3
       Distracted        |       |       |       |       |       |     1 |       ||     1
Armor: Scale mail        |    78 |    10 |       |       |       |       |       ||    88
       Chain mail        |       |    83 |   126 |    96 |   287 |   468 |       ||  1060
       Plate armour      |       |       |       |   281 |   164 |     8 |    93 ||   546
Dodge: Dodged            |    49 |    90 |   119 |   344 |   433 |   816 |   130 ||  1981
       Repelled          |       |       |       |       |       |    37 |     2 ||    39

Table legend: (Time is in decaauts)
 A = Elapsed time spent in this place.
 B = Non-inter-level travel time spent in this place.
 C = Inter-level travel time spent in this place.
 D = Time resting spent in this place.
 E = Time spent auto-exploring this place.
 F = Levels seen in this place.
 G = Mean time per level.
                   A        B        C        D        E       F      G
               +--------+--------+--------+--------+--------+-----+--------+
         Total |  53624 |  50273 |   3351 |  12124 |  30448 |  38 | 1411.2 |
       Dungeon |  21288 |  19824 |   1464 |   4425 |  12282 |  15 | 1419.2 |
        Temple |    164 |    164 |      0 |    163 |      0 |   1 |  164.0 |
          Lair |   9304 |   8381 |    923 |   1987 |   5186 |   6 | 1550.7 |
         Swamp |   5924 |   5681 |    243 |   2090 |   2880 |   4 | 1481.0 |
     Snake Pit |   8806 |   8256 |    550 |   1845 |   5278 |   4 | 2201.5 |
  Orcish Mines |   1956 |   1831 |    125 |    380 |   1167 |   2 |  978.0 |
        Vaults |   3337 |   3295 |     42 |    351 |   2593 |   2 | 1668.5 |
         Abyss |     37 |     37 |      0 |      0 |      0 |   1 |   37.0 |
      Ice Cave |    649 |    649 |      0 |    344 |     82 |   1 |  649.0 |
       Volcano |    468 |    468 |      0 |     75 |    271 |   1 |  468.0 |
    Desolation |   1687 |   1687 |      0 |    463 |    708 |   1 | 1687.0 |
               +--------+--------+--------+--------+--------+-----+--------+

Top non-repeatable levels by time:
 Snake:4: 3393 daAuts
     D:4: 2659 daAuts
Vaults:1: 2460 daAuts
  Lair:6: 2344 daAuts
  Lair:1: 2092 daAuts
     D:3: 2063 daAuts
 Snake:1: 1979 daAuts
     D:6: 1783 daAuts
 Snake:2: 1764 daAuts
 Swamp:1: 1761 daAuts
Desolation: 1687 daAuts
    D:15: 1673 daAuts
 Snake:3: 1668 daAuts
     D:9: 1659 daAuts
  Lair:4: 1645 daAuts
